 Dungeon Crawl Stone Soup version 0.20.0-9-g8272e65 (webtiles) character file.

42702 Kriby the Severer (level 14, 0/133 HPs)
             Began as a Hill Orc Fighter on June 3, 2017.
             Was a High Priest of Makhleb.
             Slain by a hornet (12 damage)
             ... on level 5 of the Lair of Beasts.
             The game lasted 00:31:06 (16877 turns).

Kriby the Severer (Hill Orc Fighter)               Turns: 16877, Time: 00:31:06

Health: 0/133      AC: -6    Str: 22    XL:     14   Next: 21%
Magic:  10/19      EV: 14    Int: 14    God:    Makhleb [*****.]
Gold:   1861       SH:  0    Dex: 15    Spells: 14/17 levels left

rFire    . . .     SeeInvis .   a - +4 battleaxe (elec)
rCold    + . .     Gourm    .   (shield currently unavailable)
rNeg     . . .     Faith    .   u - +0 troll leather armour
rPois    .         Spirit   .   q - +2 helmet
rElec    .         Reflect  .   G - +0 cloak
rCorr    .         Harm     .   (no gloves)
MR       +....     Clarity  +   (no boots)
Stlth    +.........             J - amulet of regeneration
Regen    1.2/turn               K - +6 ring of intelligence
MPRegen  0.2/turn               Q - ring "Narelet" {rC+ Dex+5}

@: corroded
A: hooves 1, yellow scales 1, clarity, weak 1
a: Minor Destruction, Lesser Servant of Makhleb, Major Destruction, Greater
Servant of Makhleb, Renounce Religion


You were on level 5 of the Lair of Beasts.
You worshipped Makhleb.
Makhleb was extremely pleased with you.
You were hungry.

You visited 3 branches of the dungeon, and saw 16 of its levels.
You also visited: Labyrinth, Ice Cave and Volcano.

You collected 1861 gold pieces.

Inventory:

Hand Weapons
 a - a +4 battleaxe of electrocution (weapon)
 b - a +2 war axe of electrocution
 O - a +1 glaive of flaming
 R - the +11 rapier of Wyrd {vamp, rPois MR- Int+2}
   (You found it in a labyrinth)

   It inflicts no extra harm, but heals its wielder when it wounds a living foe.
   It affects your intelligence (+2).
   It protects you from poison.
   It affects your resistance to hostile enchantments.
Armour
 c - a +1 shield
 q - a +2 helmet (worn)
 u - a +0 troll leather armour (worn)
 G - a +0 cloak (worn)
 I - a +3 chain mail of fire resistance
Jewellery
 e - an uncursed ring of protection from magic
 o - an uncursed amulet of guardian spirit
 A - an uncursed ring of flight
 J - an amulet of regeneration (around neck)
 K - a +6 ring of intelligence (left hand)
 L - an uncursed ring of protection from magic
 Q - the ring "Narelet" (right hand) {rC+ Dex+5}
   (You found it in an ice cave)

   [ring of protection from cold]

   It affects your dexterity (+5).
   It protects you from cold.
 T - a +2 ring of dexterity
Wands
 v - a wand of polymorph (21/24)
 x - a wand of paralysis (2/24)
 F - a wand of scattershot (0/9)
 H - a wand of acid (11/15)
 M - a wand of paralysis (8/24)
Scrolls
 d - 4 scrolls of remove curse
 l - 2 scrolls of enchant armour
 m - 2 scrolls of fog
 p - 10 scrolls of identify
 D - 2 scrolls of recharging
Potions
 i - 3 potions of ambrosia
 r - 4 potions of curing
 w - a potion of heal wounds
 z - 3 potions of cancellation
 B - 2 potions of brilliance
 C - a potion of might
 N - 2 potions of flight
Books
 j - a book of Cantrips

   Spells                             Type                      Level
   a - Confusing Touch                Hexes                        1
   b - Animate Skeleton               Necromancy                   1
   c - Summon Small Mammal            Summoning                    1
   d - Apportation                    Translocation                1
 s - a book of Alchemy

   Spells                             Type                      Level
   a - Sublimation of Blood           Necromancy                   2
   b - Ignite Poison                  Fire/Transmutation/Poison    3
   c - Petrify                        Transmutation/Earth          4
   d - Alistair's Intoxication        Transmutation/Poison         5
   e - Irradiate                      Conjuration/Transmutation    5
 y - a book of Misfortune

   Spells                             Type                      Level
   a - Confusing Touch                Hexes                        1
   b - Confuse                        Hexes                        3
   c - Gell's Gravitas                Translocation                3
   d - Petrify                        Transmutation/Earth          4
   e - Metabolic Englaciation         Hexes/Ice                    5
   f - Yara's Violent Unravelling     Hexes/Transmutation          5
 E - a book of Minor Magic

   Spells                             Type                      Level
   a - Magic Dart                     Conjuration                  1
   b - Blink                          Translocation                2
   c - Call Imp                       Summoning                    2
   d - Slow                           Hexes                        2
   e - Conjure Flame                  Conjuration/Fire             3
   f - Mephitic Cloud                 Conjuration/Poison/Air       3
Comestibles
 f - 12 bread rations
 g - 13 fruits
 h - 10 royal jellies
 n - 11 meat rations


   Skills:
 + Level 14.3 Fighting
 + Level 17.5 Axes
 - Level 11.8 Armour
 * Level 4.6 Dodging
 - Level 7.1 Shields
 - Level 2.0 Spellcasting
 - Level 4.4 Translocations
 + Level 7.4 Invocations


You had 14 spell levels left.
You knew the following spells:

 Your Spells              Type           Power        Failure   Level  Hunger
a - Blink                 Tloc           N/A          6%          2    ###....
b - Apportation           Tloc           ##....       4%          1    ##.....


Dungeon Overview and Level Annotations

Branches:
Dungeon (9/15)             Temple (1/1) D:7            Lair (6/6) D:8
 Shoals (0/4) Lair:2        Snake (0/4) Lair:2        Slime (0/5) Lair:6
    Orc: D:9-12

Altars:
Ashenzari
Cheibriados
Dithmenos
Elyvilon
Fedhas
Hepliaklqana
Makhleb
Vehumet
Beogh

Annotations:
Lair:4 exclusion: 2 oklob plants


Innate Abilities, Weirdness & Mutations

You have large cloven feet.
You are partially covered in yellow scales. (AC +2)
You possess an exceptional clarity of mind.
You are weak. (Str -2)


Message History

Your ynoxinul dies!
The hornet closely misses your neqoxec.
Your neqoxec hits the hornet.
A demon appears!
The hornet closely misses your neqoxec.
Your neqoxec hits the hornet. The hornet closely misses your neqoxec.
The hornet stings your neqoxec!
Your orange demon stings the fungus.
Your orange demon hits the fungus!
The fungus looks weaker.
Your neqoxec closely misses the hornet.
The spiny frog stings your neqoxec!!
Your orange demon stings the fungus.
Your orange demon hits the fungus.
Your neqoxec gestures.
The spiny frog stings your neqoxec!
Your neqoxec dies!
Your shadow imp disappears in a puff of smoke!
Your orange demon closely misses the hornet.
A demon appears!
Your orange demon stings the hornet from afar.
The hornet looks as sick as possible!
Your orange demon poisons the hornet!
Your magical contamination has completely faded away.
The hornet stings you!
You die...

..##..###.#........(..#.###..#..#
...##...##.......#..#..##.....#..
...##...#.....P..###.............
#.##..#.#.........###..#.....P...
..#....#.#..###.### #............
#..#..##.#..##..P#
###....###.ยง>.
#...#............###.##...##.....
..................#.F.)....#...#.
........##..#...@y.........##.###
#........##......4.HPP#...##...##
..P.....#.#.#.....#.4####..#P....
......P.#.........##.# #.###..##
#....#......#.....#### ##.......#
#....#..#....#....######.#.P....#
P..#.PP.......[.....P.#.####.....
#.............................P..
#..........##..#.#...............


You could see a hippogriff, a spiny frog, a hornet and 2 friendly orange demons.

Vanquished Creatures
  Rupert (Lair:5)
  A minotaur (Lab)
  2 ice dragons (IceCv)
  2 two-headed ogres
  Pikel (D:6)
  2 lindwurms (Volcano)
  A manticore (D:8)
  17 elephants
  4 black mambas
  2 molten gargoyles (Volcano)
  Maurice (D:8)
  2 ice statues (IceCv)
  A gargoyle (D:6)
  4 spiny frogs
  6 komodo dragons
  The ghost of SexyTroll44 the Chiller, a novice MfIE (D:5)
  3 rime drakes
  An efreet (Volcano)
  2 ice devils (Lair:6)
  3 trolls
  A queen bee (Lair:1)
  Prince Ribbit (D:5)
  A snapping turtle (Lair:2)
  7 hippogriffs
  A redback (Lab)
  2 fire elementals (Volcano)
  19 yaks
  4 basilisks
  Grum (D:8)
  A hungry ghost (D:7)
  2 hell hounds (D:8)
  10 water moccasins
  6 soldier ants (Lair:6)
  8 porcupines
  5 orc warriors (D:8)
  2 black bears
  19 ice beasts
  A sky beast (D:8)
  2 phantoms
  6 necrophages (Lair:2)
  2 ogres
  5 centaurs
  18 wolves
  6 crocodiles
  12 bullfrogs
  3 big kobolds
  A wyvern zombie (D:9)
  2 gnoll sergeants
  4 earth elementals (Volcano)
  2 scorpions
  33 killer bees
  The ghost of Kosschaser the Skirmisher, a weakling DsFi (D:3)
  A howler monkey (D:7)
  An electric eel (Lair:2)
  A bullfrog zombie (D:5)
  6 crimson imps
  5 hounds
  12 orc priests
  3 bullfrog skeletons
  2 jellies
  A centaur skeleton (D:5)
  2 gnoll shamans
  11 orc wizards
  Terence (D:2)
  4 iguanas
  17 worker ants
  A killer bee zombie (D:5)
  A hound zombie (D:6)
  A hound skeleton (D:4)
  A worker ant zombie (D:5)
  18 gnolls
  A howler monkey skeleton (D:6)
  14 adders
  4 river rats (Lair:3)
  A shadow imp (D:6)
  An ooze (D:3)
  An adder skeleton (D:7)
  2 worms
  A dart slug (D:1)
  7 leopard geckos
  66 orcs
  A ball python (D:2)
  5 bats
  5 giant cockroaches
  7 goblins
  5 hobgoblins
  9 jackals
  4 quokkas
  2 frilled lizards (D:1)
  A jackal skeleton (D:6)
  36 kobolds
  2 quokka skeletons
  7 rats
  2 fungi
  5 plants
523 creatures vanquished.

Vanquished Creatures (collateral kills)
  2 hydras
  Sonja (Lair:4)
  An elephant (Lair:6)
  A spiny frog (Lair:6)
  A rime drake (Lair:6)
  A polar bear (Lair:4)
  2 blink frogs (Lair:6)
  A water moccasin (Lair:4)
  A crocodile (Lair:6)
11 creatures vanquished.

Vanquished Creatures (others)
  2 fungi (Lair:6)
  14 plants (Lair:6)
16 creatures vanquished.

Grand Total: 550 creatures vanquished

Notes
Turn   | Place    | Note
-------+----------+-------------------------------------------
     0 | D:1      | Kriby the Hill Orc Fighter began the quest for the Orb.
     0 | D:1      | Reached XP level 1. HP: 19/19 MP: 1/1
   234 | D:1      | Reached skill level 3 in Axes
   258 | D:1      | Reached XP level 2. HP: 26/26 MP: 2/2
   484 | D:1      | Reached skill level 4 in Axes
   633 | D:2      | Noticed Terence
   654 | D:2      | Killed Terence
   654 | D:2      | Reached XP level 3. HP: 30/33 MP: 3/3
  1045 | D:2      | Reached skill level 5 in Axes
  1045 | D:2      | Reached XP level 4. HP: 38/40 MP: 4/4
  1234 | D:3      | Noticed Kosschaser's ghost (weakling DsFi)
  1245 | D:3      | Killed Kosschaser's ghost
  1245 | D:3      | Reached XP level 5. HP: 37/47 MP: 3/5
  1675 | D:3      | Reached skill level 6 in Axes
  1882 | D:3      | Reached skill level 5 in Fighting
  2328 | D:4      | Reached XP level 6. HP: 56/56 MP: 6/6
  2382 | D:4      | Reached skill level 7 in Axes
  2897 | D:4      | Reached skill level 8 in Axes
  2933 | D:4      | Reached XP level 7. HP: 62/62 MP: 7/7
  3919 | D:5      | Entered Level 5 of the Dungeon
  4050 | D:5      | Noticed SexyTroll44's ghost (novice MfIE)
  4068 | D:5      | Killed SexyTroll44's ghost
  4068 | D:5      | Reached skill level 9 in Axes
  4068 | D:5      | Reached XP level 8. HP: 25/71 MP: 3/8
  4135 | D:5      | Reached skill level 10 in Axes
  4757 | D:5      | Noticed Prince Ribbit
  4790 | D:5      | Killed Prince Ribbit
  4790 | D:5      | Reached skill level 11 in Axes
  5080 | D:5      | Noticed a two-headed ogre
  5196 | D:5      | Killed a two-headed ogre
  5196 | D:5      | Reached skill level 12 in Axes
  5196 | D:5      | Reached XP level 9. HP: 82/82 MP: 9/9
  5325 | D:5      | Reached skill level 13 in Axes
  6015 | D:6      | Noticed a troll
  6026 | D:6      | Killed a troll
  6074 | D:6      | Reached skill level 14 in Axes
  6171 | D:6      | Noticed Pikel
  6178 | D:6      | Killed Pikel
  6178 | D:6      | Reached skill level 10 in Fighting
  6178 | D:6      | Reached XP level 10. HP: 85/93 MP: 10/10
  6399 | D:6      | Noticed a gargoyle
  6575 | D:6      | Killed a gargoyle
  6575 | D:6      | Reached skill level 15 in Axes
  6935 | D:7      | Found a staircase to the Ecumenical Temple.
  6979 | Temple   | Entered the Ecumenical Temple
  6990 | Temple   | Became a worshipper of Makhleb the Destroyer
  7095 | D:7      | Found a shadowy altar of Dithmenos.
  7446 | D:8      | Noticed Grum
  7456 | D:8      | Killed Grum
  7488 | D:8      | Gained mutation: You are weak. (Str -2) [potion of mutation]
  7488 | D:8      | Gained mutation: You are partially covered in yellow scales. (AC +2) [potion of mutation]
  7488 | D:8      | Gained mutation: You have large cloven feet. [potion of mutation]
  7488 | D:8      | Gained mutation: You possess an exceptional clarity of mind. [potion of mutation]
  7790 | D:8      | Found a roughly hewn altar of Beogh.
  7795 | D:8      | Reached * piety under Makhleb
  7807 | D:8      | Reached skill level 16 in Axes
  7827 | D:8      | Reached ** piety under Makhleb
  7915 | D:8      | Noticed Maurice
  7922 | D:8      | Paralysed by something for 6 turns
  7943 | D:8      | Reached skill level 1 in Invocations
  7955 | D:8      | Killed Maurice
  7955 | D:8      | Reached XP level 11. HP: 99/102 MP: 9/12
  8028 | D:8      | Noticed a two-headed ogre
  8031 | D:8      | Killed a two-headed ogre
  8066 | D:8      | Reached skill level 5 in Armour
  8102 | D:8      | Found a staircase to the Lair.
  8454 | D:8      | Noticed a manticore
  8462 | D:8      | Killed a manticore
  8778 | D:8      | Learned a level 2 spell: Blink
  8876 | D:9      | Learned a level 1 spell: Apportation
  9062 | D:9      | Reached *** piety under Makhleb
  9102 | D:9      | Reached skill level 5 in Shields
  9360 | D:9      | Reached skill level 1 in Translocations
 10000 | Lair:1   | Entered Level 1 of the Lair of Beasts
 10021 | Lair:1   | Found a labyrinth entrance.
 10030 | Lab      | Entered a labyrinth
 10156 | Lab      | Noticed a minotaur
 10166 | Lab      | Killed a minotaur
 10166 | Lab      | Reached skill level 1 in Spellcasting
 10180 | Lab      | Got a steaming rapier
 10196 | Lair:1   | Identified the +11 rapier of Wyrd {vamp, rPois MR- Int+2} (You found it in a labyrinth)
 10394 | Lair:1   | Reached **** piety under Makhleb
 10467 | Lair:1   | Noticed a four-headed hydra
 10481 | Lair:1   | Killed a five-headed hydra
 10481 | Lair:1   | Reached XP level 12. HP: 20/113 MP: 1/14
 12137 | Lair:2   | Found a staircase to the Snake Pit.
 12280 | Lair:2   | Found a staircase to the Shoals.
 13024 | Lair:3   | Reached skill level 10 in Armour
 13110 | Lair:3   | Reached ***** piety under Makhleb
 13116 | Lair:3   | Reached XP level 13. HP: 87/120 MP: 9/16
 13725 | Lair:4   | Noticed Sonja
 13733 | Lair:4   | Killed Sonja
 13937 | Lair:4   | Found a dark tunnel.
 13945 | Volcano  | Entered a volcano
 15024 | Lair:5   | Noticed Rupert
 15036 | Lair:5   | Killed Rupert
 15036 | Lair:5   | Reached skill level 5 in Invocations
 15230 | Lair:5   | Reached skill level 1 in Dodging
 15236 | Lair:5   | Reached skill level 17 in Axes
 15744 | Lair:6   | Entered Level 6 of the Lair of Beasts
 15857 | Lair:6   | Noticed an entropy weaver
 15869 | Lair:6   | Found a staircase to the Slime Pits.
 16168 | Lair:6   | Found a frozen archway.
 16177 | Lair:6   | Reached XP level 14. HP: 119/132 MP: 13/19
 16188 | IceCv    | Entered an ice cave
 16609 | IceCv    | Got a faintly glowing copper ring
 16644 | IceCv    | Identified the ring "Narelet" {rC+ Dex+5} (You found it in an ice cave)
 16820 | Lair:6   | Noticed an entropy weaver
 16854 | Lair:6   | HP: 5/133 [hippogriff (9)]
 16860 | Lair:5   | Paralysed by a hornet for 1 turns
 16867 | Lair:5   | HP: 6/133 [poisoned by a hornet]
 16877 | Lair:5   | Slain by a hornet

Skill      XL: |  1  2  3  4  5  6  7  8  9 10 11 12 13 14 |
---------------+-------------------------------------------+-----
Axes           | 3 4 5 6 8 9 12 14 16 17 | 17.5
Fighting       | 4 5 6 8 10 11 12 13 14 | 14.3
Invocations    | 1 3 6 7 |  7.4
Armour         | 4 8 10 11 | 11.8
Shields        | 6 7 |  7.1
Translocations | 1 4 |  4.4
Spellcasting   | 1 2 |  2.0
Dodging        | 3 4 |  4.6

Action                   |  1- 3 |  4- 6 |  7- 9 | 10-12 | 13-15 || total
-------------------------+-------+-------+-------+-------+-------++-------
Melee: War axe           |   100 |   131 |   387 |   384 |       ||  1002
       Kick              |       |       |       |    87 |    89 ||   176
       Battleaxe         |       |       |       |   203 |   289 ||   492
       Glaive            |       |       |       |       |     2 ||     2
 Cast: Blink             |       |       |       |       |     7 ||     7
Invok: Lesser Servant of |       |       |       |     3 |     9 ||    12
Evoke: Wand              |       |       |     5 |    10 |    13 ||    28
  Use: Potion            |       |       |    10 |     5 |     5 ||    20
       Scroll            |       |       |    12 |    10 |    12 ||    34
  Eat: Chunk             |     1 |     6 |    11 |    20 |     9 ||    47
       Fruit             |       |       |       |     1 |     4 ||     5
       Royal jelly       |       |       |       |     1 |       ||     1
Armor: Scale mail        |    38 |       |       |       |       ||    38
       Chain mail        |     9 |    63 |       |       |       ||    72
       Ring mail         |       |     3 |   133 |       |       ||   136
       Troll leather arm |       |       |     5 |   234 |   137 ||   376
Dodge: Dodged            |    28 |    20 |   108 |   316 |   196 ||   668
Block: Shield            |    54 |    60 |   156 |   171 |       ||   441
